 Dungeon Crawl Stone Soup version 0.25-a0-87-ga3d287b (webtiles) character file.

Game seed: 7633360673399441768, levelgen mode: deterministic

62 BoppinsLewinski the Slasher (level 4, -1/38 HPs)
             Began as a Hill Orc Gladiator on Nov 11, 2019.
             Slain by Crazy Yiuf
             ... wielding a +2 quarterstaff of chaos
              (20 damage)
             ... on level 2 of the Dungeon.
             The game lasted 00:03:26 (1533 turns).

BoppinsLewinski the Slasher (Hill Orc Gladiator)    Turns: 1533, Time: 00:03:26

Health: -1/38      AC:  9    Str: 17    XL:     4   Next: 8%
Magic:  4/4        EV:  8    Int:  8    God:
Gold:   62         SH:  0    Dex: 12    Spells: 3/3 levels left

rFire    . . .     SeeInvis .   a - +0 long sword
rCold    . . .     Gourm    .   (no shield)
rNeg     . . .     Faith    .   i - +0 chain mail
rPois    .         Spirit   .   c - +0 helmet
rElec    .         Reflect  .   (no cloak)
rCorr    +         Harm     .   (no gloves)
MR       .....                  (no boots)
Stlth    ..........             (no amulet)
HPRegen  0.12/turn              m - ring of resist corrosion
MPRegen  0.09/turn              (no ring)

@: slowed, very slow
A: no striking features
a: no special abilities


You were on level 2 of the Dungeon.
You were very hungry.

You visited 1 branch of the dungeon, and saw 2 of its levels.

You collected 62 gold pieces.

Inventory:

Hand Weapons
 a - a +0 long sword (weapon)
Armour
 c - a +0 helmet (worn)
 i - a +0 chain mail (worn)
Jewellery
 g - a cursed -3 ring of protection {unknown}
 j - a cursed ring of attention {unknown}
 k - an uncursed ring of fire {unknown}
 m - a ring of resist corrosion (left hand)
Wands
 q - a wand of digging (4)
Scrolls
 e - 3 scrolls of remove curse {unknown}
 h - 3 scrolls of noise {unknown}
 l - a scroll of immolation {unknown}
 n - a scroll of teleportation {unknown}
 o - 2 scrolls of identify {unknown}
 p - 2 scrolls of fear {unknown}
Potions
 b - a potion of resistance {unknown}
Comestibles
 f - 5 rations


   Skills:
 + Level 3.1 Fighting
 * Level 4.2 Long Blades
 - Level 1.7 Throwing
 + Level 1.4 Armour
 + Level 2.8 Dodging


You had 3 spell levels left.
You didn't know any spells.
Your spell library was empty.

Dungeon Overview and Level Annotations

Branches:
Dungeon (2/15)

Altars:

Annotations:
D:2 Crazy Yiuf


Message History

Ye op'n tha door.
Ye slash Crazy Yiuf!
Crazy Yiuf be heavily wounded.
Crazy Yiuf hits ye wit' a +2 quarterstaff o' chaos.
Ye feel yerself slow down.
Ye hit Crazy Yiuf.
Crazy Yiuf be severely wounded.
Crazy Yiuf hits ye wit' a +2 quarterstaff o' chaos.
Crazy Yiuf burns ye.
Crazy Yiuf yells, "Seed sow agre!"
Crazy Yiuf hits ye wit' a +2 quarterstaff o' chaos!
Crazy Yiuf freezes ye.
Unknown command.
Yer chain mail prevents ye from hittin' Crazy Yiuf.
Crazy Yiuf be severely wounded.
Crazy Yiuf says, "Two stair meccalolo!"
Crazy Yiuf hits ye wit' a +2 quarterstaff o' chaos. x2
Space warps horribly around ye!!
Ouch! Tha re'lly hurt!
Ye die...

########.#...#
###.......
#...........##
#.......
#.######.####
####.... #.# ###
#.### #.# #.# #
#.# #.# # #.#####
### ### #
#....P## ###..)#
#....PP####@g...#
##......#..##...#
##..P.#.### ###
########


You could see Crazy Yiuf.

Vanquished Creatures
  Robin (D:2)
  An adder (D:2)
  2 dart slugs (D:1)
  A leopard gecko (D:1)
  3 bats
  2 giant cockroaches (D:1)
  10 goblins
  4 hobgoblins
  5 kobolds (D:1)
  2 frilled lizards (D:1)
  2 rats
33 creatures vanquished.

Notes
Turn   | Place    | Note
-------+----------+-------------------------------------------
     0 | D:1      | BoppinsLewinski the Hill Orc Gladiator began the quest for
                  | the Orb.
     0 | D:1      | Reached XP level 1. HP: 18/18 MP: 1/1
   202 | D:1      | Reached XP level 2. HP: 25/25 MP: 2/2
   404 | D:1      | Reached skill level 1 in Armour
   409 | D:1      | Reached XP level 3. HP: 19/30 MP: 3/3
   761 | D:2      | Noticed Robin
   786 | D:2      | Killed Robin
   786 | D:2      | Reached skill level 4 in Long Blades
  1132 | D:2      | Found a runed translucent door.
  1133 | D:2      | Noticed Crazy Yiuf
  1213 | D:2      | Reached XP level 4. HP: 15/38 MP: 4/4
  1533 | D:2      | Slain by Crazy Yiuf

Levels and vault maps discovered:
D:1:      dpeg_arrival_arbitrary_c, layout_basic, minmay_stone_trees_small,
          moated_statue, minmay_hexomino_p4
D:2:      layout_basic, serial_curves, eino_curves_01, eino_curves_01,
          eino_curves_02, eino_curves_04, first_ration, uniq_crazy_yiuf_cottage,
          uniq_robin

Skill      XL: |  1  2  3 |
---------------+----------+-----
Armour         | 1 |  1.4
Fighting       | 3 |  3.1
Long Blades    | 4 |  4.2
Throwing       | |  1.7
Dodging        | |  2.8

Action                   |  1- 3 |  4- 6 || total
-------------------------+-------+-------++-------
Melee: Long sword        |   123 |     3 ||   126
Throw: Throwing net      |     3 |       ||     3
  Eat: Chunk             |     1 |       ||     1
Armor: Chain mail        |    92 |       ||    92
       Ring mail         |     3 |       ||     3
Dodge: Dodged            |    52 |       ||    52
       Rpst.: Long sword |    19 |       ||    19

Table legend:
 A = Non-vault XP
 B = Vault XP
 C = Vault XP percentage of total XP
 D = Non-vault monster count
 E = Vault monster count
 F = Vault count percentage of total count
                 A         B        C        D         E       F
            +---------+---------+-------+---------+---------+-------
      Total |      51 |      38 |  42.7 |      20 |      13 |  39.4
            +---------+---------+-------+---------+---------+-------
        D:1 |      33 |       5 |  13.2 |      16 |       3 |  15.8
        D:2 |      18 |      33 |  64.7 |       4 |      10 |  71.4
            +---------+---------+-------+---------+---------+-------
